 Dungeon Crawl Stone Soup version 0.26-a0-1205-g4083c211ab (webtiles) character file.

Game seed: 4855898586582472569

65 Azzok the Skirmisher (level 3, -7/29 HPs)
             Began as a Demonspawn Fighter on Dec 29, 2020.
             Was an Initiate of Okawaru.
             Mangled by an ogre
             ... wielding a +0 giant club
              (19 damage)
             ... on level 3 of the Dungeon.
             The game lasted 00:01:47 (1795 turns).

Azzok the Skirmisher (Demonspawn Fighter)           Turns: 1795, Time: 00:01:48

Health: -7/29      AC: 12    Str: 17    XL:     3   Next: 94%
Magic:  3/3        EV:  7    Int:  9    God:    Okawaru [......]
Gold:   153        SH:  0    Dex: 12    Spells: 2/2 levels left

rFire    . . .     SeeInvis +   a - +0 war axe
rCold    . . .     Faith    .   (no shield)
rNeg     . . .     Spirit   .   m - +0 plate armour
rPois    .         Reflect  .   (no helmet)
rElec    .         Harm     .   (no cloak)
rCorr    .         Rampage  .   (no gloves)
Will     .....                  p - +0 pair of boots
Stlth    ..........             (no amulet)
HPRegen  0.09/turn              j - ring of see invisible
MPRegen  0.08/turn              (no ring)

@: no status effects
A: sturdy frame 2
a: Renounce Religion


You were on level 3 of the Dungeon.
You worshipped Okawaru.
Okawaru was noncommittal.
You visited 1 branch of the dungeon, and saw 3 of its levels.

You collected 153 gold pieces.

Inventory:

Hand Weapons
 a - a +0 war axe (weapon)
Armour
 c - a +0 kite shield
 m - a +0 plate armour (worn)
 p - a +0 pair of boots (worn)
Jewellery
 j - a ring of see invisible (left hand)
Scrolls
 b - a scroll of enchant armour {unknown}
 e - 2 scrolls of teleportation {unknown}
 f - 4 scrolls of remove curse {unknown}
 g - 8 scrolls of identify {unknown}
 h - 4 scrolls of random uselessness {unknown}
 l - 3 scrolls of magic mapping {unknown}
 n - 2 scrolls of amnesia {unknown}
 o - a scroll of fear {unknown}
Potions
 d - a potion of might
 i - a potion of flight {unknown}
 k - a potion of berserk rage {unknown}
 q - a potion of brilliance {unknown}
 r - a potion of curing {unknown}


   Skills:
 + Level 3.4 Fighting
 + Level 2.3 Axes
 + Level 3.2 Armour
 + Level 3.2 Shields
 + Level 1.1 Invocations


You had 2 spell levels left.
You didn't know any spells.
Your spell library was empty.

Dungeon Overview and Level Annotations

Branches:
Dungeon (3/15)

Altars:
Okawaru


Innate Abilities, Weirdness & Mutations

Your movements are less encumbered by armour. (ER -4)


Message History

An ogre is nearby!
The ogre hits you with a +0 giant club.
You hit the ogre.
The ogre is lightly wounded.
The ogre barely misses you.
You slash the ogre!
The ogre is heavily wounded.
The ogre barely misses you.
You slash the ogre!
The ogre is severely wounded.
The ogre hits you but does no damage.
You barely miss the ogre.
The ogre is severely wounded.
The ogre hits you with a +0 giant club!
Ouch! That really hurt!
You completely miss the ogre.
The ogre is severely wounded.
The ogre hits you with a +0 giant club!!
Ouch! That really hurt!
You die...

·· ▒▒▒▒·▒ ▒·····▒▒
╬····▒· ▒··$··
▒····▒ ▒··O·▒
▒··@·▒▒▒▒▒▒▒▒▒▒▒▒▒
▒··········)·····▒
▒·······▒▒▒▒▒▒▒▒·▒
▒▒▒▒▒▒▒╬▒ ▒·▒
▒·▒▒▒ ▒▒▒····
▒·····▒ ▒[·····
▒······


You could see an ogre.

Vanquished Creatures
  An adder (D:2)
  A shadow imp (D:2)
  2 dart slugs (D:1)
  3 leopard geckos
  An orc (D:3)
  3 bats
  3 giant cockroaches
  4 goblins
  2 hobgoblins (D:1)
  6 jackals
  4 kobolds (D:1)
  2 ball pythons
  3 frilled lizards
  5 rats
40 creatures vanquished.

Notes
Turn   | Place    | Note
-------+----------+-------------------------------------------
     0 | D:1      | Azzok the Demonspawn Fighter began the quest for the Orb.
     0 | D:1      | Reached XP level 1. HP: 18/18 MP: 1/1
   270 | D:1      | Gained mutation: Your movements are slightly less
                  | encumbered by armour. (ER -2) [demonic ancestry]
   270 | D:1      | Reached XP level 2. HP: 23/24 MP: 2/2
   856 | D:2      | Gained mutation: Your movements are less encumbered by
                  | armour. (ER -4) [demonic ancestry]
   856 | D:2      | Reached XP level 3. HP: 26/29 MP: 3/3
   942 | D:2      | Found an iron altar of Okawaru.
   951 | D:2      | Became a worshipper of Warmaster Okawaru
  1528 | D:2      | Reached skill level 1 in Invocations
  1787 | D:3      | Noticed an ogre
  1795 | D:3      | Mangled by an ogre

Illustrated notes

Levels and vault maps discovered:
D:1:      minmay_arrival_diagonal_passages, layout_basic
D:2:      layout_basic, okawaru_metal_pillars_3, amcnicky_mini_corridor_feature
D:3:      layout_basic, lemuel_coloured_pillars_altar, roderic_roman_lattice,
          grunt_ministairs_1, kennysheep_minor_cross, uniq_ijyb

Skill      XL: |  1  2  3 |
---------------+----------+-----
Axes           | 2 |  2.3
Shields        | 3 |  3.2
Armour         | 3 |  3.2
Invocations    | 1 |  1.1
Fighting       | |  3.4

Action                   || total
-------------------------++-------
Melee: War axe           ||   132
Armor: Scale mail        ||    77
       Plate armour      ||    20
Dodge: Dodged            ||    69

Table legend: (Time is in decaauts)
 A = Elapsed time spent in this place.
 B = Non-inter-level travel time spent in this place.
 C = Inter-level travel time spent in this place.
 D = Time resting spent in this place.
 E = Time spent auto-exploring this place.
 F = Levels seen in this place.
 G = Mean time per level.
                   A        B        C        D        E       F      G
               +--------+--------+--------+--------+--------+-----+--------+
         Total |   1845 |   1821 |     24 |      0 |   1442 |   3 |  615.0 |
       Dungeon |   1845 |   1821 |     24 |      0 |   1442 |   3 |  615.0 |
               +--------+--------+--------+--------+--------+-----+--------+

Top non-repeatable levels by time:
     D:1: 864 daAuts
     D:2: 847 daAuts
     D:3: 134 daAuts
